 Dungeon Crawl Stone Soup version 0.31-a0-277-g31ea1f65cc (webtiles) character file.

Game seed: 3089947739965646410

604 LeprechaunX the Changeling (level 7, -5/47 HPs)
             Began as an Octopode Shapeshifter on July 16, 2023.
             Was an Initiate of Cheibriados.
             Slain by a killer bee (6 damage)
             ... on level 4 of the Dungeon.
             The game lasted 00:07:54 (2756 turns).

LeprechaunX the Changeling (Octopode Shapeshifter)  Turns: 2756, Time: 00:07:55

Health: -5/47      AC:  1    Str: 17    XL:     7   Next: 42%
Magic:  7/7        EV: 14    Int: 17    God:    Cheibriados [......]
Gold:   127        SH:  0    Dex: 14    Spells: 6/6 levels left

rFire   . .          .
                       - Unarmed
rCold   + . .        (no shield)
rNeg    . . .        (helmet currently unavailable)
rPois   .            (no amulet)
rElec   .            o - ring "Caocwux" {rC+ Int+6}
rCorr   .            d - ring of wizardry
SInv    .            (no ring)
Will    .....        (no ring)
Stlth   ++           (no ring)
HPRegen 0.27/turn    (no ring)
MPRegen 0.10/turn    (no ring)
                     (no ring)

%: wizardry (x1)
@: lethally poisoned (-5 -> -9), beast-form, very slow
A: beast (slay +3), almost no armour, amphibious, 8 rings, camouflage 1,
gelatinous body 1, (nimble swimmer 1), tentacles
a: Begin Untransformation, Renounce Religion


You were on level 4 of the Dungeon.
You worshipped Cheibriados.
Cheibriados was noncommittal.
You were a hulking beast.
You visited 2 branches of the dungeon, and saw 5 of its levels.

You collected 127 gold pieces.

Inventory:

Jewellery
 d - a ring of wizardry (right tentacle)
 o - the ring "Caocwux" (left tentacle) {rC+ Int+6}
   (You found it on level 3 of the Dungeon)

   [ring of intelligence]

   Int:       It affects your intelligence (+6).
   rC:        It protects you from cold.
Talismans
 b - a beast talisman
Wands
 a - a wand of flame (6)
Scrolls
 e - 3 scrolls of identify {unknown}
 f - a scroll of vulnerability {unknown}
 g - a scroll of butterflies {unknown}
 h - a scroll of enchant armour {unknown}
 i - 2 scrolls of fear {unknown}
 j - 2 scrolls of noise {unknown}
 m - a scroll of teleportation {unknown}
 q - a scroll of revelation {unknown}
Potions
 c - a potion of mutation {unknown}
 k - a potion of haste {unknown}
 l - 2 potions of lignification
 n - a potion of curing {unknown}
 p - a potion of enlightenment {unknown}


   Skills:
 + Level 3.9 Fighting
 + Level 3.8 Dodging
 + Level 3.9 Unarmed Combat
 + Level 1.1 Invocations
 * Level 5.0 Shapeshifting


You had 6 spell levels left.
You didn't know any spells.
Your spell library contained the following spells:

 Spells                   Type           Power      Damage    Failure   Level
 Sublimation of Blood     Necr           0%         N/A       14%         2
 Petrify                  Tmut/Erth      0%         N/A       65%         4
 Irradiate                Conj/Tmut      0%         3d11      92%         5
 Summon Forest            Summ/Tloc      0%         N/A       92%         5
 Eringya's Noxious Bog    Tmut/Pois      0%         4d6       100%        6
 Summon Hydra             Summ           0%         N/A       100%        7


Dungeon Overview and Level Annotations

Branches:
Dungeon (4/15)             Temple (1/1) D:4

Altars:
Cheibriados
Dithmenos
Elyvilon
Fedhas
Gozag
Hepliaklqana
Makhleb
Nemelex Xobeh
Okawaru
Qazlal
Ru
Sif Muna
Trog
Vehumet
Wu Jian
Xom
Yredelemnul

Portals:
Abyss: D:4

Annotations:
D:4 2 transporters, Iniera's ghost, amateur DEVM


Innate Abilities, Weirdness & Mutations

You are a hulking beast.
Your limbs bulge with bestial killing power. (Slay +3)
You cannot wear most types of armour.
You are amphibious.
You can wear up to eight rings at the same time.
Your skin changes colour to match your surroundings (Stealth+).
Your rubbery body absorbs attacks. (AC +1, EV +1)
((You are camouflaged when in or above water. (Stealth+)))
You have tentacles for arms and can constrict up to eight enemies at once.


Message History

Aim: a killer bee (lightly wounded, about 55% to evade your tentacles)
Okay, then.
Aiming: Throw Flame
Press: ? - help, Shift-Dir - straight line
Okay, then.
You feel sick. The killer bee barely misses you. The killer bee stings you!
You are more poisoned.
The killer bee poisons you!
You feel very sick. The killer bee completely misses you.
The killer bee closely misses you.
You see here a ball python corpse.
You feel sick.
Attack: -) Tentacles
Press: ? - help, Dir - move target, f - killer bee
Aim: a killer bee (lightly wounded, about 55% to evade your tentacles)
Okay, then.
Aiming: Throw Flame
Press: ? - help, Shift-Dir - straight line, f - killer bee
Aim: a killer bee (wandering, hasn't noticed you, 39% to hit)
The puff of flame hits the killer bee.
The killer bee is heavily wounded.
The killer bee buzzes angrily.
You feel sick.
Attack: -) Tentacles
Press: ? - help, Dir - move target, f - killer bee, p - killer bee
Aim: a killer bee (about 55% to evade your tentacles)
Okay, then.
Aiming: Throw Flame
Press: ? - help, Shift-Dir - straight line, f/p - killer bee
Aim: a killer bee (39% to hit)
The puff of flame hits the killer bee.
The killer bee is lightly wounded.
You feel sick. The killer bee stings you!
* * * LOW HITPOINT WARNING * * *
The killer bee closely misses you.
Okay, then.
You feel sick. The killer bee misses you. The killer bee stings you.
* * * LOW HITPOINT WARNING * * *
The killer bee stings you.
You die...

#......#...........###...
....#...............#....
..##...............##..#
#...................####
####....................#.#
#..#..#.................#.#
##....#.............##......
##.......###........##......#
###.........y#h##....###.)....#
#.........##yyy.###..# #.....##
###..........#.## #### ##.####
##..##.......#### ###
#...............#
#........#......#
##...######.##..# ##### ### ###


You could see 3 killer bees.

Vanquished Creatures
  Grinder (D:2)
  2 black bears (D:4)
  A scorpion (D:4)
  2 iguanas (D:4)
  An orc wizard (D:3)
  4 adders
  A worm (D:2)
  8 orcs
  8 endoplasms
  6 giant cockroaches
  7 goblins
  4 hobgoblins
  A quokka (D:4)
  4 ball pythons
  5 bats
  4 frilled lizards
  6 kobolds
  A rat (D:1)
66 creatures vanquished.

Notes
Turn   | Place    | Note
-------+----------+-------------------------------------------
     0 | D:1      | LeprechaunX the Octopode Shapeshifter began the quest for
                  | the Orb.
     0 | D:1      | Reached XP level 1. HP: 14/14 MP: 1/1
   168 | D:1      | Reached XP level 2. HP: 16/19 MP: 2/2
   642 | D:2      | Reached XP level 3. HP: 23/25 MP: 3/3
   832 | D:2      | Reached XP level 4. HP: 26/30 MP: 4/4
  1177 | D:3      | Noticed Grinder
  1178 | D:3      | Paralysed by Grinder for 4 turns
  1198 | D:2      | Killed Grinder
  1199 | D:2      | Reached skill level 4 in Shapeshifting
  1199 | D:2      | Reached XP level 5. HP: 18/36 MP: 5/5
  1199 | D:2      | Reached XP level 6. HP: 21/42 MP: 6/6
  1358 | D:3      | Identified the +1 pair of boots of Cuweatet {Rampage +Blink
                  | Str-2 SInv}
  1630 | D:3      | Found a snail-covered altar of Cheibriados.
  1632 | D:3      | Found an iron altar of Okawaru.
  1765 | D:3      | Identified the ring "Caocwux" {rC+ Int+6}
  1922 | D:3      | Found a bloodstained altar of Trog.
  1924 | D:3      | Found a stormy altar of Qazlal.
  2085 | D:4      | Noticed a black bear
  2130 | D:4      | Killed a black bear
  2136 | D:4      | Found a staircase to the Ecumenical Temple.
  2145 | Temple   | Entered the Ecumenical Temple
  2411 | D:3      | Became a worshipper of Cheibriados the Contemplative
  2447 | D:4      | Found a one-way gate to the infinite horrors of the Abyss.
  2447 | D:4      | Noticed Iniera's ghost (amateur DEVM)
  2455 | D:4      | Found a transporter.
  2461 | D:4      | Found a transporter.
  2461 | D:4      | Noticed a small abomination
  2495 | D:4      | Noticed a black bear
  2505 | D:4      | Reached XP level 7. HP: 47/47 MP: 7/7
  2729 | D:4      | Reached skill level 1 in Invocations
  2729 | D:4      | Reached skill level 5 in Shapeshifting
  2756 | D:4      | HP: 1/47 [killer bee (4)]
  2756 | D:4      | Slain by a killer bee

Illustrated notes

Levels and vault maps discovered:
D:1:      dpeg_arrival_renting, layout_basic
D:2:      layout_rooms, minmay_pentomino_s2
D:3:      layout_basic, nicolae_overflow_hidden_temple, uniq_grinder
D:4:      layout_cave_pools, minmay_temple_entry_statues_fountains,
          gammafunk_ghost_abyssal_escape
Temple:   nicolae_temple_bog_church

Skill      XL: |  1  2  3  4  5  6  7 |
---------------+----------------------+-----
Fighting       | 3 |  3.9
Dodging        | 3 |  3.8
Unarmed Combat | 3 |  3.9
Shapeshifting  | 4 5 |  5.0
Invocations    | 1 |  1.1

Action                     |  1- 3 |  4- 6 |  7- 9 || total
---------------------------+-------+-------+-------++-------
  Melee: Unarmed           |    54 |    50 |    14 ||   118
         Constrict         |    17 |    17 |     3 ||    37
         Tentacles         |    11 |    13 |     4 ||    28
         Punch             |     1 |     3 |     1 ||     5
         Dagger            |       |    21 |       ||    21
  Evoke: Wand              |       |       |     2 ||     2
    Use: Potion            |       |     1 |       ||     1
   Stab: Sleeping          |     1 |     5 |     1 ||     7
 Armour: Skin              |     4 |    12 |     2 ||    18
  Dodge: Dodged            |    31 |    25 |    13 ||    69

Table legend: (Time is in decaauts)
 A = Elapsed time spent in this place.
 B = Non-inter-level travel time spent in this place.
 C = Inter-level travel time spent in this place.
 D = Time resting spent in this place.
 E = Time spent auto-exploring this place.
 F = Levels seen in this place.
 G = Mean time per level.
                   A        B        C        D        E       F      G
               +--------+--------+--------+--------+--------+-----+--------+
         Total |   2805 |   2729 |     76 |    315 |   1653 |   5 |  561.0 |
       Dungeon |   2665 |   2589 |     76 |    315 |   1546 |   4 |  666.2 |
        Temple |    139 |    139 |      0 |      0 |    107 |   1 |  139.0 |
               +--------+--------+--------+--------+--------+-----+--------+

Top non-repeatable levels by time:
     D:3: 816 daAuts
     D:2: 673 daAuts
     D:1: 628 daAuts
     D:4: 547 daAuts
  Temple: 139 daAuts
